 Dungeon Crawl Stone Soup version 0.24-a0-161-g3f7990a (webtiles) character file.

Game seed: 1640182996721520230

119 EnmaZirconis the Cudgeler (level 4, -2/45 HPs)
             Began as a Troll Chaos Knight on Mar 5, 2019.
             Was a Plaything of Xom.
             Slain by an iguana (8 damage)
             ... on level 3 of the Dungeon.
             The game lasted 00:14:50 (2688 turns).

EnmaZirconis the Cudgeler (Troll Chaos Knight)      Turns: 2688, Time: 00:14:51

Health: -2/45      AC:  8    Str: 21    XL:     4   Next: 73%
Magic:  3/3        EV: 10    Int:  8    God:    Xom [.....*]
Gold:   36         SH:  0    Dex:  9    Spells: 3/3 levels left

rFire    . . .     SeeInvis .   a - +1 mace (chaos)
rCold    . . .     Gourm    +   (no shield)
rNeg     . . .     Faith    .   b - +2 robe
rPois    .         Spirit   .   (helmet restricted)
rElec    .         Reflect  .   (no cloak)
rCorr    .         Harm     .   (gloves unavailable)
MR       .....                  (boots unavailable)
Stlth    +.........             (no amulet)
HPRegen  0.55/turn              (no ring)
MPRegen  0.08/turn              (no ring)

@: no status effects
A: large, unfitting armour, claws 3, fast metabolism 3, gourmand, regeneration
1, shaggy fur 1, tough skin 3
a: Renounce Religion


You were on level 3 of the Dungeon.
You worshipped Xom.
You were Xom's teddy bear.
You were hungry.

You visited 1 branch of the dungeon, and saw 3 of its levels.

You collected 36 gold pieces.

Inventory:

Hand Weapons
 a - a +1 mace of chaos (weapon)
Missiles
 f - 5 tomahawks (quivered)
Armour
 b - a +2 robe (worn)
Scrolls
 c - a scroll of amnesia {unknown}
 i - 3 scrolls of enchant armour
 j - a scroll of fog
Potions
 d - a potion of lignification
 e - 2 potions of curing


   Skills:
 + Level 3.0 Fighting
 + Level 3.9 Maces & Flails
 + Level 2.7 Dodging
 + Level 0.3 Stealth


You had 3 spell levels left.
You didn't know any spells.
Your spell library was empty.

Dungeon Overview and Level Annotations

Branches:
Dungeon (3/15)

Altars:


Innate Abilities, Weirdness & Mutations

You are too large for most types of armour.
You have claws for hands.
Your metabolism is lightning-fast.
You like to eat raw meat.
Your natural rate of healing is unusually fast.
You are covered in fur. (AC +1)
You have extremely tough skin. (AC +3)


Message History

An iguana comes into view.
The iguana hisses angrily.
You see here a jackal corpse.
You barely miss the iguana. The iguana bites you.
You sock the iguana!
The iguana flickers and vanishes!
Deactivating autopickup; reactivate with Ctrl-A.
Something bites you!
You barely miss something. Something bites you.
You hit something. You burn something. Something bites you.
You hit something but do no damage.
Found 2 scrolls of enchant weapon.
Something bites you.
* * * LOW HITPOINT WARNING * * *
You see here a jackal corpse.
Something bites you!
* * * LOW HITPOINT WARNING * * *
Something bites you but does no damage.
You see here a jackal corpse.
Something bites you!
You die...

#....# .....#
.....# ###.....#.
####...(.....
#####.....?....#.
#......<.......).
#.###..֠.$....#.
#.....@.....#
#.#.........#
...#...........
.... #........[##
... #...........
... ######...(.#
....## ....#


There were no monsters in sight!

Vanquished Creatures
  A bullfrog zombie (D:3)
  2 adders (D:2)
  A worm (D:2)
  6 dart slugs
  A leopard gecko (D:1)
  A bat (D:1)
  2 giant cockroaches
  4 goblins
  8 hobgoblins
  9 jackals
  7 kobolds
  A frilled lizard (D:1)
  6 rats
49 creatures vanquished.

Vanquished Creatures (collateral kills)
  A goblin (D:1)
1 creature vanquished.

Grand Total: 50 creatures vanquished

Notes
Turn   | Place    | Note
-------+----------+-------------------------------------------
     0 | D:1      | EnmaZirconis the Troll Chaos Knight began the quest for the
                  | Orb.
     0 | D:1      | Reached XP level 1. HP: 22/22 MP: 0/0
    59 | D:1      | XOM: potion effect (brilliance)
    70 | D:1      | Reached XP level 2. HP: 29/29 MP: 1/1
   392 | D:1      | XOM: harmless Chrm miscast
   499 | D:1      | Reached XP level 3. HP: 36/36 MP: 2/2
   683 | D:1      | XOM: mild Ice miscast
   902 | D:1      | XOM: swap monsters
   951 | D:1      | XOM: mild Tmut miscast
  1111 | D:1      | XOM: harmless Conj miscast
  1927 | D:2      | XOM: 5-stop teleportation journey
  1973 | D:2      | XOM: scenery: 1 doors close
  2047 | D:2      | XOM: harmless Tloc miscast
  2059 | D:2      | Reached XP level 4. HP: 34/44 MP: 3/3
  2162 | D:2      | XOM: scenery: 1 doors close
  2461 | D:2      | Paralysed by fainting for 11 turns
  2655 | D:3      | XOM: smoke on damage
  2688 | D:3      | Slain by an iguana

Levels and vault maps discovered:
D:1:      zaba_arrival_water, layout_basic
D:2:      layout_basic, serial_glass, glass_columns_a, glass_columns_a,
          item_on_display_a, due_unseen_surprise, minmay_strange_pillars
D:3:      layout_rooms, chequers_temple_overflow_statue_of_worship,
          first_ration, uniq_crazy_yiuf_cottage

Skill      XL: |  1  2  3  4 |
---------------+-------------+-----
Dodging        | 2 |  2.7
Maces & Flails | 3 |  3.9
Fighting       | 3 |  3.0
Stealth        | |  0.3

Action                   |  1- 3 |  4- 6 || total
-------------------------+-------+-------++-------
Melee: Mace              |   128 |    39 ||   167
Throw: Tomahawk          |       |     3 ||     3
  Use: Scroll            |     5 |     2 ||     7
       Potion            |     5 |       ||     5
 Stab: Confused          |     2 |       ||     2
  Eat: Ration            |     5 |     1 ||     6
       Chunk             |       |     1 ||     1
Armor: Robe              |    75 |    30 ||   105
Dodge: Dodged            |    80 |    37 ||   117

Table legend:
 A = Non-vault XP
 B = Vault XP
 C = Vault XP percentage of total XP
 D = Non-vault monster count
 E = Vault monster count
 F = Vault count percentage of total count
                 A         B        C        D         E       F
            +---------+---------+-------+---------+---------+-------
      Total |     170 |       0 |   0.0 |      50 |       0 |   0.0
            +---------+---------+-------+---------+---------+-------
        D:1 |      54 |       0 |   0.0 |      26 |       0 |   0.0
        D:2 |      68 |       0 |   0.0 |      20 |       0 |   0.0
        D:3 |      48 |       0 |   0.0 |       4 |       0 |   0.0
            +---------+---------+-------+---------+---------+-------
